Map: Ephemeron LE

Players

Ratl - Winner!

  • Race: Protoss Protoss
  • Spawn Location: 5:00

VOD

Have the link to the VOD?

Description

Time

  • Played on: Oct. 29, 2019, 10:58 p.m.
  • Length: 28:48
Show
View Real Time Build Order
Export as new Build Order

Ratl Protoss - Winner!

Build Orders:  

Get SALT Encoding   

  12  0:01  Probe (Chrono Boost)  
  13  0:13  Probe (Chrono Boost)  
  14  0:33  Pylon  
  14  0:41  Pylon  
  14  1:13  Gateway  
  14  1:33  Pylon  
  14  1:40  Pylon  
  14  1:41  Probe (Chrono Boost)  
  14  1:44  Forge  
  15  1:53  Probe (Chrono Boost)  
  15  1:55  Assimilator  
  16  2:06  Probe (Chrono Boost)  
  16  2:08  Assimilator  
  17  2:23  Probe (Chrono Boost)  
  19  2:41  Probe (Chrono Boost)  
  19  2:55  Probe (Chrono Boost)  
  20  3:06  Probe (Chrono Boost)  
  20  3:18  Probe (Chrono Boost)  
  22  3:33  Cybernetics Core  
  22  3:45  Zealot  
  24  4:05  Probe (Chrono Boost)  
  25  4:23  Zealot  
  25  4:28  Probe (Chrono Boost)  
  28  4:33  Nexus  
  28  5:01  Zealot  
  28  5:05  Twilight Council  
  30  5:14  Robotics Facility  
  30  5:19  Stargate  
  30  5:35  Assimilator  
  30  5:39  Zealot  
  32  5:40  Assimilator  
  32  5:45  Pylon  
  32  6:16  Pylon  
  32  6:17  Stalker  
  32  6:19  Probe (Chrono Boost)  
  34  6:31  Probe (Chrono Boost)  
  34  6:36  Photon Cannon  
  35  6:40  Photon Cannon  
  35  6:44  Probe (Chrono Boost)  
  36  6:57  Probe (Chrono Boost)  
  36  6:58  Stalker  
  39  7:09  Probe (Chrono Boost)  
  40  7:21  Probe (Chrono Boost)  
  40  7:26  Stalker  
  46  7:30  Immortal  
  41  7:32  Probe (Chrono Boost)  
  46  7:44  Probe (Chrono Boost)  
  49  7:55  Probe (Chrono Boost)  
  50  8:07  Probe (Chrono Boost)  
  50  8:08  Stalker  
  52  8:10  Photon Cannon  
  53  8:22  Probe (Chrono Boost)  
  53  8:26  Immortal  
  58  8:39  Probe (Chrono Boost)  
  59  8:50  Templar Archives  
  59  9:01  Pylon  
  59  9:07  Fleet Beacon  
  59  9:16  Robotics Bay  
  59  9:28  Probe (Chrono Boost)  
  59  9:37  Protoss Ground Weapons Level 1 (Chrono Boost)  
  59  9:39  Probe (Chrono Boost)  
  61  9:51  Probe (Chrono Boost)  
  61  9:59  Zealot  
  64  10:07  Probe  
  64  10:09  Void Ray  
  69  10:15  Probe  
  70  10:24  Probe  
  70  10:29  Photon Cannon  
  71  10:37  Zealot  
  73  10:41  Photon Cannon  
  73  11:00  Robotics Facility  
  73  11:02  Gateway  
  73  11:14  Zealot  
  75  11:28  Probe (Chrono Boost)  
  75  11:31  Nexus  
  75  11:36  Assimilator  
  75  11:38  Assimilator  
  76  11:40  Probe (Chrono Boost)  
  77  11:52  Zealot  
  77  11:55  Probe (Chrono Boost)  
  81  12:12  Probe (Chrono Boost)  
  81  12:14  Stargate  
  81  12:21  Dark Shrine  
  81  12:23  Protoss Ground Armor Level 1  
  81  12:29  Zealot  
  83  12:30  Zealot  
  85  13:11  Zealot x2  
  77  13:27  Pylon  
  65  13:30  Pylon  
  63  13:47  Colossus x2  
  63  13:49  Zealot, Stalker  
  79  13:55  Void Ray  
  83  14:01  Probe (Chrono Boost)  
  84  14:12  Probe (Chrono Boost)  
  85  14:26  Probe (Chrono Boost)  
  85  14:27  Stalker  
  88  14:31  Stalker  
  90  14:41  Probe (Chrono Boost)  
  90  14:45  Pylon  
  90  14:49  Photon Cannon  
  91  14:52  Probe (Chrono Boost), Immortal (Chrono Boost), Photon Cannon  
  91  14:59  Stalker  
  92  15:01  Stalker  
  92  15:03  Probe (Chrono Boost)  
  99  15:17  Probe, Immortal (Chrono Boost)  
  106  15:32  Stalker  
  106  15:34  Probe  
  107  15:41  Zealot  
  107  15:47  Protoss Ground Weapons Level 2 (Chrono Boost)  
  107  15:49  Probe (Chrono Boost)  
  111  15:52  Immortal (Chrono Boost)  
  112  16:02  Probe (Chrono Boost)  
  117  16:13  Void Ray  
  117  16:14  Probe (Chrono Boost)  
  117  16:19  Zealot  
  124  16:20  Anion Pulse-Crystals  
  125  16:30  Probe (Chrono Boost)  
  125  16:43  Protoss Air Weapons Level 1  
  125  16:46  Psionic Storm  
  125  17:10  Pylon  
  125  17:16  Pylon  
  125  17:23  Pylon  
  125  17:32  Probe (Chrono Boost)  
  125  17:35  High Templar, Immortal  
  132  17:41  High Templar  
  132  17:45  Probe (Chrono Boost)  
  132  17:47  Immortal  
  123  18:30  High Templar  
  123  18:31  Immortal (Chrono Boost)  
  123  18:36  High Templar  
  123  18:38  Immortal (Chrono Boost)  
  131  18:48  Protoss Ground Armor Level 2 (Chrono Boost)  
  135  18:55  Unknown  
  135  19:01  Nexus  
  135  19:11  High Templar  
  135  19:27  Assimilator  
  135  19:29  Assimilator  
  141  19:30  Colossus (Chrono Boost), Stalker  
  141  19:31  Immortal (Chrono Boost)  
  141  19:32  Pylon  
  141  19:35  Pylon  
  149  19:43  Protoss Air Armor Level 1  
  149  19:57  Void Ray  
  153  20:06  Stalker  
  155  20:12  Stalker  
  155  20:15  Colossus (Chrono Boost)  
  163  20:45  Blink  
  163  20:48  High Templar  
  171  20:52  Colossus (Chrono Boost)  
  171  20:54  Stalker  
  157  21:36  High Templar  
  159  21:43  High Templar  
  161  22:00  Archon  
  161  22:02  Protoss Shields Level 1  
  161  22:08  Archon  
  161  22:31  Dark Templar  
  161  22:37  Void Ray x2 (Chrono Boost)  
  161  22:38  Dark Templar  
  169  22:48  Colossus (Chrono Boost)  
  169  22:49  Immortal (Chrono Boost)  
  173  22:57  Charge  
  175  23:12  Dark Templar  
  171  23:31  Void Ray (Chrono Boost)  
  171  23:33  Zealot  
  177  24:05  Gravitic Boosters  
  177  24:07  Zealot  
  177  24:09  Probe (Chrono Boost)  
  179  24:14  Protoss Air Weapons Level 2  
  180  24:51  Gravitic Drive  
  180  25:20  Nexus  
  180  25:21  Assimilator x2  
  180  26:51  Extended Thermal Lance (Chrono Boost)  
  180  27:00  Probe (Chrono Boost), Immortal, Colossus, Zealot x2  
Tags
 
Add a new tag
Caveats
  • Supply blocks, unpowered buildings, or Contaminate may cause inaccurate times.
  • Supply counts are checked every 10 seconds.